 Dungeon Crawl Stone Soup version 0.30-a0-587-gfd7c166f36 (webtiles) character file.

Game seed: 1258263064025686425

96 M4edhros the Charlatan (level 4, -1/29 HPs)
             Began as an Octopode Artificer on Jan 4, 2023.
             Slain by an ice beast (11 damage)
             ... on level 4 of the Dungeon.
             The game lasted 00:00:52 (645 turns).

M4edhros the Charlatan (Octopode Artificer)          Turns: 645, Time: 00:00:53

Health: -1/29      AC:  1    Str: 14    XL:     4   Next: 67%
Magic:  4/4        EV: 14    Int: 13    God:
Gold:   104        SH:  0    Dex: 14    Spells: 3/3 levels left

rFire   . . .      SeeInvis +    h - +8 war axe of the Ten Priests {pain, Str+3 SInv}
rCold   . . .      Faith    .    (no shield)
rNeg    . . .      Spirit   .    (helmet restricted)
rPois   .          Reflect  .    (no amulet)
rElec   .          Harm     .    k - ring of wizardry
rCorr   .          Rampage  .    (no ring)
Will    .....                    (no ring)
Stlth   +++                      (no ring)
HPRegen 0.24/turn                (no ring)
MPRegen 0.09/turn                (no ring)
                                 (no ring)
                                 (no ring)

@: no status effects
A: almost no armour, amphibious, 8 rings, camouflage 1, gelatinous body 1,
(nimble swimmer 1), tentacles
a: no special abilities


You were on level 4 of the Dungeon.
You visited 1 branch of the dungeon, and saw 4 of its levels.

You collected 104 gold pieces.

Inventory:

Hand Weapons
 h - the +8 war axe of the Ten Priests (weapon) {pain, Str+3 SInv}
   (You found it on level 3 of the Dungeon)

   In the hands of one skilled in necromantic magic, it inflicts extra damage on
   living creatures.
   Str:       It affects your strength (+3).
   SInv:      It lets you see invisible.
Missiles
 j - 11 atropa-tipped darts
 l - 5 javelins
 m - 8 poisoned darts
Jewellery
 k - a ring of wizardry (left tentacle)
Wands
 b - a wand of flame (14) (quivered)
 c - a wand of charming (15)
 d - a wand of iceblast (5)
Scrolls
 a - a scroll of teleportation {unknown}
 e - a scroll of fear {unknown}
 g - 2 scrolls of identify {unknown}
 i - a scroll of amnesia {unknown}
Potions
 f - 3 potions of heal wounds {unknown}
 n - a potion of might {unknown}
 o - a potion of berserk rage {unknown}


   Skills:
 + Level 1.8 Fighting
 * Level 1.4 Axes
 + Level 2.9 Dodging
 + Level 2.7 Stealth
 - Level 1.4 Unarmed Combat
 + Level 3.8 Evocations


You had 3 spell levels left.
You didn't know any spells.
Your spell library was empty.

Dungeon Overview and Level Annotations

Branches:
Dungeon (4/15)
 Temple: D:4-7

Altars:

Shops:
D:3 :


Innate Abilities, Weirdness & Mutations

You cannot wear most types of armour.
You are amphibious.
You can wear up to eight rings at the same time.
Your skin changes colour to match your surroundings (Stealth+).
Your rubbery body absorbs attacks. (AC +1, EV +1)
((You are camouflaged when in or above water. (Stealth+)))
You have tentacles for arms and can constrict up to eight enemies at once.


Message History

An iguana is nearby!
An iguana is nearby!
You catch the helpless iguana completely off-guard!
You hit the iguana. You grab the iguana. You squeeze the iguana.
The iguana is moderately wounded.
You constrict the iguana. The iguana bites you. The iguana closely misses you.
You slash the iguana!
You kill the iguana!
No target in view!
No target in view!
No target in view!
HP restored.
Things that are here:
a +0 dagger; a kobold corpse; a quokka corpse You now have 104 gold pieces (gained 10).
j - 11 atropa-tipped darts (gained 5) No target in view!
f - 3 gluggy clear potions (gained 1)
n - a grey potion
o - a bubbling ruby potion No target in view!
An ice beast comes into view.
An ice beast is nearby!
An orc comes into view.
It is wielding a +0 whip. 3 orcs come into view.
An orc is wielding a +1 whip of venom.
You slash the ice beast! You squeeze the ice beast!
The ice beast is heavily wounded.
The ice beast hits you. The ice beast freezes you!
A scorpion comes into view.
The ice beast barely misses you.
You are too injured to fight recklessly!
You are too injured to fight recklessly!
Aiming: Throw Flame
Press: ? - help, Shift-Dir - straight line, f - ice beast
Aim: an ice beast (heavily wounded, 71% to hit)
The puff of flame hits the ice beast but does no damage.
The ice beast is heavily wounded.
The orc shouts! x3
The ice beast hits you. The ice beast freezes you!
You die...

..)..#####...
..#.†)).............. .
#.######........... .
###)######.......... ..
................... ...
.......#.........###....
....#....####.=.....#...
........................
.......#####....@Y......
.....### #.......o.$....
...### ###.##.........o.
...#####...##........o..
...##....##...........o.
........................
#.......................
........####..##########
.#......# #.#


You could see an ice beast and 4 orcs.

Vanquished Creatures
  An orc priest (D:4)
  An iguana (D:4)
  2 adders
  2 orcs (D:4)
  4 endoplasms (D:3)
  2 goblins
  2 hobgoblins (D:1)
  2 kobolds (D:4)
  2 quokkas
  A ball python (D:4)
  2 bats
21 creatures vanquished.

Notes
Turn   | Place    | Note
-------+----------+-------------------------------------------
     0 | D:1      | M4edhros the Octopode Artificer began the quest for the
                  | Orb.
     0 | D:1      | Reached XP level 1. HP: 13/13 MP: 1/1
     4 | D:1      | Noticed an electric eel
   200 | D:2      | Reached skill level 1 in Unarmed Combat
   200 | D:2      | Reached XP level 2. HP: 13/18 MP: 2/2
   271 | D:3      | Reached XP level 3. HP: 17/23 MP: 3/3
   313 | D:3      | Identified the +8 war axe of the Ten Priests {pain, Str+3
                  | SInv}
   428 | D:3      | Found Uroi's Vocational Training.
   499 | D:4      | Reached skill level 1 in Axes
   499 | D:4      | Reached XP level 4. HP: 11/29 MP: 4/4
   640 | D:4      | Noticed an ice beast
   644 | D:4      | Noticed a scorpion
   645 | D:4      | Slain by an ice beast

Illustrated notes

Levels and vault maps discovered:
D:1:      arrival_aquarium_a, layout_basic
D:2:      layout_basic, basic_altar, serial_bayou_lagoon_b
D:3:      layout_rooms, grunt_ministairs_5, nicolae_shop_vocational,
          uniq_terence
D:4:      layout_rooms, uniq_blork_the_orc

Skill      XL: |  1  2  3 |
---------------+----------+-----
Unarmed Combat | 1 |  1.4
Stealth        | 2 |  2.7
Axes           | 1 |  1.4
Fighting       | |  1.8
Dodging        | |  2.9
Evocations     | |  3.8

Action                   |  1- 3 |  4- 6 || total
-------------------------+-------+-------++-------
Melee: Unarmed           |    29 |       ||    29
       Tentacles         |    10 |     2 ||    12
       Constrict         |     8 |     2 ||    10
       War axe           |    18 |     5 ||    23
       Punch             |     1 |       ||     1
Evoke: Wand              |       |     1 ||     1
 Stab: Sleeping          |     4 |       ||     4
       Distracted        |       |     1 ||     1
Armor: Skin              |     4 |       ||     4
Dodge: Dodged            |    24 |     3 ||    27

Table legend: (Time is in decaauts)
 A = Elapsed time spent in this place.
 B = Non-inter-level travel time spent in this place.
 C = Inter-level travel time spent in this place.
 D = Time resting spent in this place.
 E = Time spent auto-exploring this place.
 F = Levels seen in this place.
 G = Mean time per level.
                   A        B        C        D        E       F      G
               +--------+--------+--------+--------+--------+-----+--------+
         Total |    654 |    625 |     29 |      0 |    448 |   4 |  163.5 |
       Dungeon |    654 |    625 |     29 |      0 |    448 |   4 |  163.5 |
               +--------+--------+--------+--------+--------+-----+--------+

Top non-repeatable levels by time:
     D:3: 209 daAuts
     D:1: 187 daAuts
     D:4: 176 daAuts
     D:2: 80 daAuts
